 Dungeon Crawl Stone Soup version 0.26.0-91-g99b343417d (webtiles) character file.

Game seed: 17552619763839163552

3521 snek11 the Ogre Mage (level 10, -2/107 HPs)
             Began as an Ogre Hedge Wizard on Feb 3, 2021.
             Was a Priest of Nemelex Xobeh.
             Slain by a red ugly thing (18 damage)
             ... on level 7 of the Dungeon on Feb 4, 2021.
             The game lasted 01:48:46 (15982 turns).

snek11 the Ogre Mage (Ogre Hedge Wizard)           Turns: 15982, Time: 01:48:47

Health: -2/107     AC:  8    Str: 16    XL:     10   Next: 8%
Magic:  11/25      EV: 14    Int: 18    God:    Nemelex Xobeh [***...]
Gold:   528        SH:  0    Dex:  8    Spells: 12/31 levels left

rFire    . . .     SeeInvis .   E - +5 dire flail (protect)
rCold    . . .     Faith    .   (shield currently unavailable)
rNeg     . . .     Spirit   .   N - +0 robe
rPois    .         Reflect  .   c - +0 hat
rElec    .         Harm     .   f - +0 cloak
rCorr    .         Rampage  .   (gloves unavailable)
Will     +....                  (boots unavailable)
Stlth    +.........             (no amulet)
HPRegen  0.27/turn              G - +4 ring of protection
MPRegen  0.19/turn              I - +4 ring of evasion

@: very slightly contaminated, slowed, very slow
A: large, unfitting armour, tough skin 1
a: Renounce Religion, Draw Escape, Draw Destruction, Draw Summoning, Triple Draw


You were on level 7 of the Dungeon.
You worshipped Nemelex Xobeh.
Nemelex Xobeh was most pleased with you.
You visited 2 branches of the dungeon, and saw 9 of its levels.

You collected 528 gold pieces.

Inventory:

Hand Weapons
 a - a +0 dagger
 h - a +0 hand axe
 n - a +3 mace
 o - a +0 club
 v - a +0 giant club
 B - a +0 giant spiked club
 E - a +5 dire flail of protection (weapon)
 S - the cursed +1 rapier of the Tired Heavens {drain, rElec Int+3}
   (You took it off a centaur on level 8 of the Dungeon)

   A truly terrible weapon, it drains the life of those it strikes.
   It affects your intelligence (+3).
   It insulates you from electricity.
   It has a curse placed upon it.
Missiles
 m - 5 javelins
 u - 2 throwing nets
Armour
 b - a +0 robe
 c - a +0 hat (worn)
 f - a +0 cloak (worn)
 l - a +0 robe
 J - a +0 tower shield
 N - a +0 robe (worn)
Jewellery
 s - an uncursed ring of willpower
 z - an uncursed ring of ice
 C - an uncursed ring of protection from fire
 G - a +4 ring of protection (left hand)
 I - a +4 ring of evasion (right hand)
 K - a +6 ring of dexterity
 O - an uncursed ring of protection from fire
 Q - an uncursed ring of fire
Wands
 r - a wand of random effects (65)
 w - a wand of digging (8)
 F - a wand of polymorph (8)
Scrolls
 e - 3 scrolls of teleportation
 g - 4 scrolls of remove curse
 j - 2 scrolls of amnesia
 k - a scroll of blinking {unknown}
 p - a scroll of fear
 q - 2 scrolls of fog
 y - 2 scrolls of magic mapping
 A - a scroll of noise
 H - 2 scrolls of identify
 M - 4 scrolls of immolation
 R - a scroll of acquirement {unknown}
Potions
 d - a potion of berserk rage
 i - 4 potions of might
 t - 2 potions of curing
 x - a potion of brilliance
 D - a potion of experience {unknown}
 P - a potion of degeneration {unknown}


   Skills:
 + Level 9.1 Fighting
 - Level 0.4(4.1) Axes
 + Level 6.0 Maces & Flails
 - Level 1.9 Dodging
 - Level 1.5 Stealth
 * Level 11.4 Spellcasting
 - Level 0.8 Conjurations
 - Level 0.8 Summonings
 - Level 0.8 Translocations


You had 12 spell levels left.
You knew the following spells:

 Your Spells              Type           Power        Failure   Level
a - Magic Dart            Conj           52%          4%          1
b - Blink                 Tloc           N/A          8%          2
c - Call Imp              Summ           13%          8%          2
d - Slow                  Hex            10%          11%         2
e - Mephitic Cloud        Conj/Pois/Air  11%          19%         3
f - Searing Ray           Conj           26%          8%          2
g - Dazzling Flash        Conj/Hex       22%          17%         3
h - Fulminant Prism       Conj/Hex       5%           50%         4

Your spell library contained the following spells:

 Spells                   Type           Power        Failure   Level
 Conjure Flame            Conj/Fire      11%          17%         3
 Iskenderun's Mystic Bla  Conj/Tloc      13%          43%         4


Dungeon Overview and Level Annotations

Branches:
Dungeon (8/15)             Temple (1/1) D:7            Lair (0/6) D:8

Altars:
Ashenzari
Cheibriados
Dithmenos
Elyvilon
Fedhas
Gozag
Hepliaklqana
Kikubaaqudgha
Makhleb
Nemelex Xobeh
Okawaru
Qazlal
Sif Muna
Trog
Uskayaw
Vehumet
Wu Jian
Xom
Yredelemnul
Zin
The Shining One

Shops:
D:5 (


Innate Abilities, Weirdness & Mutations

You are too large for most types of armour.
You have tough skin. (AC +1)


Message History

Aiming: Fulminant Prism (dangerous; 50% risk of failure)
Press: ? - help, Dir - move target
Okay, then.
The red ugly thing completely misses you.
Casting: Fulminant Prism (dangerous; 50% risk of failure)
Confirm with . or Enter, or press ? or * to list all spells.
Aiming: Fulminant Prism (dangerous; 50% risk of failure)
Press: ? - help, Dir - move target You miscast Fulminant Prism.
You are blasted with magical energy!!
The red ugly thing gores you.
You are engulfed in flames!
The red ugly thing gores you!
You are engulfed in flames!
* * * LOW HITPOINT WARNING * * *
You feel much better. The red ugly thing gores you.
You are engulfed in flames!
* * * LOW HITPOINT WARNING * * *
You draw a card...
You have drawn the Elixir.
You begin rapidly regenerating magic.
The red ugly thing gores you.
* * * LOW HITPOINT WARNING * * *
You are engulfed in flames!!
You die...
Your body glows slightly and disappears.

..##.......#......#.....###....#.
...#......##.........#..##....##.
..b.......##.........#.........#.
....b....##..............#....#..
...................#.....#.....).
......[###............>....)..#..
....[..###.............#......#..
........##..###..#.....##........
........##..#)#.@......###.).....
.........#..###.u......#.##.)...#
(..................##.....#....##
.......#...........##..........##
#..(..##...........##....#.#..###
.[.....#...#......#....##.....# #
...[..............##>..###..### #
............#....####### ####
........#...#...##


You could see a red ugly thing.

Vanquished Creatures
  Grinder (D:4)
  A wyvern (D:8)
  Grum (D:8)
  Edmund (D:5)
  3 orc warriors
  2 phantoms
  A black bear (D:7)
  An ice beast (D:6)
  2 ogres
  A necrophage (D:5)
  4 wolves (D:7)
  2 centaurs
  2 big kobolds
  2 bullfrogs
  A gnoll sergeant (D:7)
  A water moccasin zombie (D:8)
  A scorpion (D:6)
  A killer bee (D:8)
  3 wights
  2 bullfrog zombies
  2 bullfrog skeletons
  4 hounds
  An orc priest (D:8)
  2 jellies
  An orc wizard (D:4)
  2 iguanas
  3 worker ants
  6 adders
  2 white imps
  An ooze (D:3)
  2 worms
  2 leopard geckos
  3 orcs
  5 bats
  2 giant cockroaches
  A goblin (D:2)
  2 hobgoblins
  9 jackals
  3 quokkas
  2 ball pythons
  4 frilled lizards
  A jackal zombie (D:6)
  12 kobolds
  5 rats
110 creatures vanquished.

Vanquished Creatures (collateral kills)
  A gargoyle (D:8)
  The ghost of Gadfly the Scratcher, an amateur FeTm of the Shining One (D:5)
  Eustachio (D:6)
  2 ogres
  A centaur (D:4)
  An orc wizard (D:4)
  4 hounds
  An iguana (D:4)
  2 worker ants (D:4)
  An adder (D:2)
  A worm (D:4)
  3 leopard geckos
  9 orcs
  2 hobgoblins
  3 jackals
  A giant cockroach zombie (D:5)
34 creatures vanquished.

Vanquished Creatures (others)
  3 fungi (D:8)
  3 plants (D:8)
6 creatures vanquished.

Grand Total: 150 creatures vanquished

Notes
Turn   | Place    | Note
-------+----------+-------------------------------------------
     0 | D:1      | snek11 the Ogre Hedge Wizard began the quest for the Orb.
     0 | D:1      | Reached XP level 1. HP: 16/16 MP: 5/5
   807 | D:2      | Reached XP level 2. HP: 24/24 MP: 4/6
   808 | D:2      | Reached skill level 4 in Spellcasting
  1055 | D:1      | Learned a level 2 spell: Blink
  1399 | D:1      | Reached XP level 3. HP: 26/32 MP: 1/8
  1402 | D:1      | Learned a level 2 spell: Call Imp
  1465 | D:1      | Learned a level 2 spell: Slow
  1469 | D:1      | Learned a level 3 spell: Mephitic Cloud
  1489 | D:2      | Reached skill level 1 in Fighting
  2321 | D:3      | Found a sparkling altar of Nemelex Xobeh.
  2329 | D:3      | Became a worshipper of Nemelex Xobeh the Trickster
  2634 | D:3      | Reached XP level 4. HP: 32/42 MP: 3/10
  2800 | D:3      | Reached skill level 5 in Spellcasting
  3293 | D:4      | Noticed an ogre
  3310 | D:4      | Killed an ogre
  3311 | D:4      | Reached XP level 5. HP: 50/50 MP: 1/12
  4012 | D:4      | Noticed a centaur
  4023 | D:4      | Killed a centaur
  4024 | D:4      | Reached skill level 1 in Maces & Flails
  4262 | D:4      | Noticed Grinder
  4293 | D:4      | Paralysed by Grinder for 4 turns
  4310 | D:4      | Killed Grinder
  4311 | D:4      | Reached skill level 6 in Spellcasting
  4311 | D:4      | Reached XP level 6. HP: 42/61 MP: 2/15
  5148 | D:4      | You fall into a shaft and drop 1 floor!
  5148 | D:5      | Entered Level 5 of the Dungeon
  5152 | D:5      | Found Ejay's Antique Weapon Shoppe.
  5278 | D:5      | Noticed Edmund
  5298 | D:5      | Killed Edmund
  5299 | D:5      | Reached XP level 7. HP: 71/71 MP: 2/17
  5593 | D:5      | Reached * piety under Nemelex Xobeh
  5672 | D:5      | Reached skill level 7 in Spellcasting
  6429 | D:4      | Received a gift from Nemelex Xobeh
  6548 | D:4      | HP: 1/71 [centaur/arrow (5)]
  6961 | D:4      | Reached skill level 5 in Fighting
  7055 | D:4      | Found a bloodstained altar of Trog.
  7690 | D:5      | Found a runed translucent gate.
  7690 | D:5      | Found a runed translucent gate.
  7692 | D:5      | Found a runed translucent gate.
  7694 | D:5      | Noticed Gadfly's ghost (amateur FeTm)
  7717 | D:5      | Killed Gadfly's ghost
  7718 | D:5      | Reached XP level 8. HP: 37/81 MP: 6/19
  7982 | D:5      | Found an ancient bone altar of Kikubaaqudgha.
  8142 | D:5      | Found a burning altar of Makhleb.
  8384 | D:6      | Reached skill level 8 in Spellcasting
  8419 | D:6      | Reached ** piety under Nemelex Xobeh
  9268 | D:6      | Learned a level 2 spell: Searing Ray
  9272 | D:6      | Learned a level 3 spell: Dazzling Flash
  9631 | D:6      | Received a gift from Nemelex Xobeh
  9732 | D:6      | Reached skill level 9 in Spellcasting
 10310 | D:7      | Found a staircase to the Ecumenical Temple.
 10454 | Temple   | Entered the Ecumenical Temple
 11078 | D:7      | Reached XP level 9. HP: 93/93 MP: 5/22
 11229 | D:7      | Reached *** piety under Nemelex Xobeh
 11241 | D:7      | Noticed Eustachio
 12273 | D:6      | Killed Eustachio
 12274 | D:6      | Reached skill level 10 in Spellcasting
 12390 | D:7      | Reached skill level 5 in Maces & Flails
 12737 | D:7      | Received a gift from Nemelex Xobeh
 12989 | D:8      | Noticed Grum
 13832 | D:8      | Killed Grum
 14161 | D:8      | Found a staircase to the Lair.
 14803 | D:8      | Noticed a hornet
 14805 | D:8      | Identified the cursed +1 rapier of the Tired Heavens
                  | {drain, rElec Int+3}
 14937 | D:8      | Reached skill level 11 in Spellcasting
 14976 | D:8      | Noticed a gargoyle
 15368 | D:8      | Killed a gargoyle
 15445 | D:8      | Reached XP level 10. HP: 64/106 MP: 16/25
 15616 | D:8      | Noticed a deep elf mage
 15618 | D:8      | Noticed a red ugly thing
 15956 | D:7      | Learned a level 4 spell: Fulminant Prism
 15982 | D:7      | Slain by a red ugly thing

Illustrated notes

Levels and vault maps discovered:
D:1:      minmay_arrival_radiant_lines, layout_rooms,
          hangedman_decor_peaks_small, chequers_serial_rivers_large_a
D:2:      layout_rooms
D:3:      layout_rooms, nemelex_altar_shiori
D:4:      layout_loops_corners, minmay_ruined_shrine, uniq_grinder
D:5:      layout_loops_ring, general_overflow_altar, kiku_gazebo_pond_becter,
          ebering_ghost_rock_garden, serial_shops, nicolae_shop_trees,
          uniq_edmund
D:6:      layout_rooms, minmay_pentangle
D:7:      layout_cave_pools, minmay_temple_entry_butterflies, sword_in_stone
D:8:      minmay_the_grid_triangle_9x9_rhombus_thin
          [minmay_the_grid_triangle_9x9_subtriangle,
          minmay_the_grid_triangle_9x9_prize_schism,
          minmay_the_grid_triangle_9x9_intruding_spiral,
          minmay_the_grid_triangle_9x9_corruption], layout_basic,
          dpeg_oklobed_lair, uniq_grum
Temple:   regret_index_temple_mists

Skill      XL: |  1  2  3  4  5  6  7  8  9 10 |
---------------+-------------------------------+-----
Spellcasting   | 4 5 6 7 9 11 | 11.4
Fighting       | 1 2 3 4 5 7 8 9 |  9.1
Maces & Flails | 1 2 3 4 5 6 |  6.0
Axes           | |  0.4
Dodging        | |  1.9
Stealth        | |  1.5
Conjurations   | |  0.8
Summonings     | |  0.8
Translocations | |  0.8

Action                   |  1- 3 |  4- 6 |  7- 9 | 10-12 || total
-------------------------+-------+-------+-------+-------++-------
Melee: Dagger            |    21 |       |       |       ||    21
       Club              |    40 |     9 |       |       ||    49
       Hand axe          |     6 |       |       |       ||     6
       Giant club        |       |    35 |     5 |       ||    40
       Giant spiked club |       |       |    29 |       ||    29
       Mace              |       |       |     5 |       ||     5
       Dire flail        |       |       |   141 |    11 ||   152
 Cast: Magic Dart        |    85 |    25 |    98 |       ||   208
       Call Imp          |     9 |    49 |    55 |       ||   113
       Blink             |     1 |     1 |       |       ||     2
       Slow              |       |     7 |    46 |     1 ||    54
       Mephitic Cloud    |       |       |     1 |       ||     1
       Searing Ray       |       |       |    64 |     4 ||    68
Invok: Draw Destruction  |       |       |     3 |       ||     3
       Draw Summoning    |       |       |     3 |       ||     3
       Draw Escape       |       |       |     2 |     1 ||     3
  Use: Scroll            |       |     4 |    16 |     1 ||    21
       Potion            |       |       |     2 |     1 ||     3
 Stab: Distracted        |       |     1 |     1 |       ||     2
Armor: Robe              |    36 |    16 |    94 |     9 ||   155
Dodge: Dodged            |    82 |    56 |   224 |    13 ||   375
